 Dungeon Crawl Stone Soup version 0.20-a0-942-ga5226df (webtiles) character file.

14 M4edhros the Grave Robber (level 2, 0/17 HPs)
             Began as an Octopode Necromancer on Apr 1, 2017.
             Succumbed to a worker ant's poison
             ... on level 4 of the Dungeon.
             The game lasted 00:01:35 (217 turns).

M4edhros the Grave Robber (Octopode Necromancer)     Turns: 217, Time: 00:01:36

Health: 0/17       AC:  1    Str:  7    XL:     2   Next: 41%
Magic:  5/5        EV: 13    Int: 17    God:
Gold:   62         SH:  0    Dex: 12    Spells: 4/5 levels left

rFire    . . .     SeeInvis .     - Unarmed
rCold    . . .     Gourm    .   (no shield)
rNeg     . . .     Faith    .   (helmet restricted)
rPois    .         Spirit   .   (no amulet)
rElec    .         Reflect  .   (no ring)
rCorr    .         Harm     .   (no ring)
MR       .....                  (no ring)
Stlth    +++.......             (no ring)
Regen    0.1/turn               (no ring)
MPRegen  0.1/turn               (no ring)
                                (no ring)
                                (no ring)

@: lethally poisoned (0 -> -18)
A: almost no armour, stealthy swim, amphibious, 8 rings, constrict 8, camouflage
1, gelatinous body 1
a: no special abilities


You were on level 4 of the Dungeon.
You were not hungry.

You visited 1 branch of the dungeon, and saw 4 of its levels.

You collected 62 gold pieces.

Inventory:

Armour
 d - a +0 buckler
Scrolls
 c - a scroll of fog {unknown}
Books
 a - a book of Necromancy

   Spells                             Type                      Level
   a - Pain                           Necromancy                   1
   b - Animate Skeleton               Necromancy                   1
   c - Vampiric Draining              Necromancy                   3
   d - Regeneration                   Charms/Necromancy            3
   e - Animate Dead                   Necromancy                   4
   f - Control Undead                 Necromancy                   4
Comestibles
 b - 2 bread rations


   Skills:
 - Level 2.0 Dodging
 - Level 2.6 Stealth
 + Level 2.0 Unarmed Combat
 - Level 2.0 Spellcasting
 - Level 4.0 Necromancy


You had 4 spell levels left.
You knew the following spells:

 Your Spells              Type           Power        Failure   Level  Hunger
a - Pain                  Necr           ###.         3%          1    #......


Dungeon Overview and Level Annotations

Branches:
Dungeon (4/15)
 Temple: D:4-7

Altars:
Nemelex Xobeh

Annotations:
D:4 M4edhros's ghost, amateur OpNe


Innate Abilities, Weirdness & Mutations

You cannot wear most types of armour.
You are very stealthy in the water. (Stealth+)
You are amphibious.
You can wear up to eight rings at the same time.
You can use your tentacles to constrict eight enemies at once.
Your skin changes colour to match your surroundings (Stealth+).
Your rubbery body absorbs attacks. (AC +1, EV +1)


Message History

You are poisoned.
The worker ant poisons you!
You feel sick.
You feel sick.
M4edhros's ghost flexes its fingers.
You feel sick. The worker ant bites you!
* * * LOW HITPOINT WARNING * * *
You barely miss the worker ant. Your grab misses the worker ant.
* * * LOW HITPOINT WARNING * * *
You feel sick. The worker ant barely misses you.
You tentacle-slap the worker ant but do no damage.
You grab the worker ant.
You constrict the worker ant, but do no damage.
The worker ant bites you.
* * * LOW HITPOINT WARNING * * *
You are more poisoned.
The worker ant poisons you!
You tentacle-slap the worker ant but do no damage.
You constrict the worker ant.
You die...

#....##..# ..#
#...#...## #.#
#........###..#
#....##...#..#
#...#####.....#
#..## ##...##
#.## ##..### .#
##...W### .
#....Oa@#
#..Z#####
##...# #..W##
#...# #...#
.......Z#.....#
.............##
..?..........#


You could see an ogre, a worker ant, M4edhros's ghost and an adder skeleton.

Vanquished Creatures
  An adder (D:3)
  2 bats
  A frilled lizard (D:4)
  A jackal skeleton (D:4)
  2 rats (D:1)
7 creatures vanquished.

Notes
Turn   | Place    | Note
-------+----------+-------------------------------------------
     0 | D:1      | M4edhros the Octopode Necromancer began the quest for the Orb.
     0 | D:1      | Reached XP level 1. HP: 11/11 MP: 3/3
    48 | D:2      | Found a sparkling altar of Nemelex Xobeh.
    78 | D:3      | Reached skill level 1 in Unarmed Combat
    95 | D:3      | Reached XP level 2. HP: 15/17 MP: 1/5
   204 | D:4      | Noticed M4edhros's ghost (amateur OpNe)
   205 | D:4      | Noticed an ogre
   217 | D:4      | Succumbed to a worker ant's poison

Vault maps used:
D:1:      tarquinn_simple_flora_water_f
D:2:      old_standard_altar
D:3:      minivault_26, okawaru_ov_weapons_minmay, uniq_terence,
          uniq_crazy_yiuf_cottage, uniq_grinder
D:4:      first_bread, st_stairs_1, kennysheep_generic_room_10, uniq_iyjb,
          uniq_menkaure, uniq_edmund, uniq_duvessa

Skill      XL: |  1  2 |
---------------+-------+-----
Unarmed Combat | 1 2 |  2.0
Dodging        | |  2.0
Stealth        | |  2.6
Spellcasting   | |  2.0
Necromancy     | |  4.0

Action                   || total
-------------------------++-------
Melee: Unarmed           ||    20
       Constrict         ||     7
       Tentacles         ||     2
 Cast: Pain              ||     2
 Stab: Sleeping          ||     1
Armor: Skin              ||     5
Dodge: Dodged            ||    16
